Map: Stasis LE

Players

Piroxiljin

  • Race: Terran Terran
  • Spawn Location: 1:00

VOD

Have the link to the VOD?

Description

Time

  • Played on: Jan. 20, 2019, 4:50 a.m.
  • Length: 36:57
Show
View Real Time Build Order
Export as new Build Order

Piroxiljin Terran 

Build Orders:  

Get SALT Encoding   

  12  0:01  SCV  
  13  0:19  SCV  
  14  0:31  Supply Depot  
  14  0:37  SCV  
  15  1:01  SCV  
  16  1:11  Barracks  
  16  1:19  SCV  
  17  1:20  Refinery  
  17  1:36  SCV  
  18  1:59  SCV  
  19  2:03  Barracks  
  19  2:23  SCV  
  20  2:31  Supply Depot  
  20  2:36  Barracks Reactor  
  20  2:46  SCV  
  20  2:48  Refinery  
  21  3:06  Orbital Command  
  21  3:11  Barracks Tech Lab  
  21  3:43  Factory, Marine x2  
  21  3:48  SCV  
  24  3:55  Concussive Shells  
  24  4:05  SCV  
  25  4:22  SCV  
  25  4:45  Marauder  
  25  4:47  SCV  
  28  5:15  Marauder  
  30  5:23  Unknown  
  30  5:28  Barracks Tech Lab  
  30  5:32  Engineering Bay  
  30  5:45  SCV, Supply Depot  
  31  6:10  Terran Infantry Weapons Level 1  
  31  6:15  SCV, Marauder, Hellion x2  
  31  6:16  Supply Depot  
  38  6:47  Factory  
  38  6:49  Marine  
  39  7:03  Widow Mine  
  39  7:04  Widow Mine  
  39  7:14  Marine  
  39  7:19  Marauder  
  46  8:13  SCV  
  46  8:19  Command Center  
  47  8:24  Supply Depot  
  47  8:26  Supply Depot  
  47  8:45  Barracks Reactor  
  47  8:54  Marauder, Siege Tank  
  52  9:01  Terran Infantry Armor Level 1  
  52  9:03  SCV  
  49  9:38  Marine  
  49  9:39  Siege Tank  
  47  9:55  Siege Tank  
  47  10:03  Marine  
  48  10:17  Marine x2  
  50  10:24  Siege Tank  
  53  11:27  Missile Turret  
  53  11:32  Orbital Command  
  53  11:48  Supply Depot  
  53  11:51  Supply Depot  
  53  11:55  Supply Depot  
  53  11:58  Supply Depot  
  53  12:05  Refinery  
  53  12:12  Refinery  
  53  12:15  Marine x2  
  53  12:17  Siege Tank  
  58  12:43  SCV  
  58  12:48  SCV  
  60  12:55  Marauder  
  62  13:00  SCV  
  62  13:02  Cyclone  
  62  13:04  SCV  
  62  13:09  Factory  
  67  13:27  Widow Mine  
  67  13:28  Widow Mine  
  71  13:45  Marauder, Marine  
  71  13:46  Marine  
  71  13:47  Cyclone  
  78  14:11  Structure Armor  
  78  14:12  SCV  
  79  14:24  SCV  
  79  14:29  SCV  
  81  14:32  Armory  
  81  14:34  Stimpack  
  81  14:41  SCV  
  81  14:42  Hellion x2  
  81  14:44  Siege Tank  
  81  14:46  Marine  
  81  14:47  Marine  
  91  14:50  Marauder  
  93  15:01  Supply Depot  
  93  15:04  Supply Depot  
  93  15:05  SCV  
  93  15:08  Factory Tech Lab  
  94  15:10  Supply Depot  
  94  15:17  Starport  
  94  15:18  Siege Tank x3  
  94  15:20  Marauder  
  94  15:22  SCV  
  94  15:29  Siege Tank  
  100  15:31  Hi-Sec Auto Tracking  
  100  15:34  Supply Depot  
  98  17:48  Marine x2  
  98  17:49  Marauder  
  102  17:53  Thor  
  108  18:02  Hellbat x2  
  112  18:13  Starport Tech Lab, Marine  
  112  18:19  Marauder  
  115  18:23  Siege Tank  
  118  18:53  Thor  
  124  19:04  Command Center  
  124  19:08  Siege Tank  
  127  19:20  Armory  
  127  19:22  Terran Vehicle Weapons Level 1  
  127  19:53  Thor x2  
  139  20:19  Medivac  
  141  20:32  Starport  
  141  20:33  Siege Tank x3  
  137  20:53  Siege Tank, Thor  
  141  21:01  Medivac  
  136  21:38  Siege Tank  
  136  21:53  Cyclone  
  136  21:59  Siege Tank x3  
  137  22:05  Marauder  
  137  22:06  Marine x2  
  141  22:15  Viking  
  143  22:23  Cyclone  
  146  22:35  Marauder  
  146  22:38  Siege Tank  
  151  22:52  Siege Tank x3  
  151  22:53  Siege Tank  
  150  23:08  Siege Tank  
  151  23:23  Thor  
  86  24:41  Thor x2  
  90  25:06  Terran Infantry Weapons Level 2  
  67  25:47  Marine  
  59  26:09  Thor  
  65  26:18  SCV  
  66  26:21  SCV  
  67  26:32  SCV  
  67  26:35  SCV  
  67  26:38  SCV  
  70  26:46  Refinery x2  
  70  26:49  SCV  
  63  27:04  Viking  
  47  27:31  Cyclone  
  40  27:47  SCV  
  36  28:01  Marauder  
  36  28:04  SCV  
  39  28:36  SCV  
  38  28:42  Factory  
  38  28:53  SCV  
  32  29:10  SCV  
  28  29:27  SCV  
  29  29:49  Command Center  
  29  29:54  Factory Tech Lab  
  27  30:13  SCV  
  28  30:28  Cyclone  
  29  31:00  Supply Depot  
  23  31:32  Cyclone  
  18  31:52  SCV  
  18  31:54  Refinery  
  19  32:02  Barracks  
  19  32:09  SCV  
  18  32:15  Command Center  
  11  32:26  SCV  
  11  32:27  Cyclone  
  8  33:45  Supply Depot  
  8  33:55  Marine  
  8  33:56  SCV  
  10  34:13  SCV  
  11  34:31  Orbital Command  
  1  35:46  Marine  
Tags
 
Matchup
Co-op
Add a new tag
Caveats
  • Supply blocks, unpowered buildings, or Contaminate may cause inaccurate times.
  • Supply counts are checked every 10 seconds.